 Dungeon Crawl Stone Soup version 0.30-a0-1157-g2cc9ac7196 (webtiles) character file.

Game seed: 7856467130232941747

133 GloriousHammer the Insei (level 4, -2/34 HPs)
             Began as a Demigod Transmuter on Apr 25, 2023.
             Succumbed to an orc priest's poison
             ... on level 3 of the Dungeon.
             The game lasted 00:05:13 (2143 turns).

GloriousHammer the Insei (Demigod Transmuter)       Turns: 2143, Time: 00:05:13

Health: -2/34      AC:  3    Str: 11    XL:     4   Next: 64%
Magic:  7/10       EV: 12    Int: 19    God:
Gold:   135        SH:  0    Dex: 14    Spells: 2/8 levels left

rFire   . .          .
                       - Unarmed
rCold   . . .        (no shield)
rNeg    . . .        f - +0 robe
rPois   .            (no helmet)
rElec   .            (no cloak)
rCorr   .            n - +0 pair of gloves
SInv    .            (no boots)
Will    .....        (no amulet)
Stlth   +            (no ring)
HPRegen 0.25/turn    (no ring)
MPRegen 0.12/turn

%: no passive effects
@: lethally poisoned (-2 -> -20)
A: high MP 1, forlorn, divine attributes
a: no special abilities


You were on level 3 of the Dungeon.
You visited 1 branch of the dungeon, and saw 3 of its levels.

You collected 135 gold pieces.

Inventory:

Hand Weapons
 a - a +0 sling
Missiles
 c - 44 stones
Armour
 f - a +0 robe (worn)
 n - a +0 pair of gloves (worn)
 r - a +0 chain mail of poison resistance
Scrolls
 d - a scroll of brand weapon {unknown}
 e - a scroll of poison {unknown}
 h - a scroll of teleportation {unknown}
 j - a scroll of noise {unknown}
 k - a scroll of identify {unknown}
 m - a scroll of enchant weapon {unknown}
 p - a scroll of amnesia {unknown}
Potions
 b - a potion of lignification
 g - a potion of heal wounds {unknown}
 i - a potion of cancellation
 l - 2 potions of resistance {unknown}
 o - a potion of mutation {unknown}
 q - a potion of curing {unknown}


   Skills:
 - Level 0.8 Fighting
 - Level 1.7 Dodging
 + Level 3.6 Unarmed Combat
 - Level 2.6 Spellcasting
 + Level 2.9 Transmutations
 + Level 1.2 Poison Magic


You had 2 spell levels left.
You knew the following spells:

 Your Spells              Type           Power      Damage    Failure   Level
a - Beastly Appendage     Tmut           26%        N/A       4%          1
b - Wereblood             Tmut           13%        N/A       7%          2
c - Spider Form           Tmut/Pois      10%        N/A       21%         3

Your spell library contained the following spells:

 Spells                   Type           Power      Damage    Failure   Level
 Ice Form                 Ice/Tmut       8%         N/A       65%         4


Dungeon Overview and Level Annotations

Branches:
Dungeon (3/15)


Innate Abilities, Weirdness & Mutations

You have an increased reservoir of magic. (+10% MP)
You shall have no god before yourself.
Your divine heritage dramatically boosts your attributes as you level up.


Message History

Done exploring.
Done exploring.
Search for what [Enter for "."]? .
There is a stone staircase leading down here.
Things that are here:
a +0 whip; a +0 chain mail of poison resistance; a kobold skeleton
r - a +0 chain mail of poison resistance
Casting: Wereblood (safe; 8% risk of failure)
Confirm with . or Enter, or press ? or * to list all spells.
Okay, then.
(D) Dungeon
Where to? (Enter - D:2 @ (x,y), ? - help)
There is a stone staircase leading down here.
You climb downwards.
Found a whip.
There is a stone staircase leading up here.
A hobgoblin comes into view.
You shoot a sling bullet. The sling bullet hits the hobgoblin.
The hobgoblin shouts!
The hobgoblin is heavily wounded.
A kobold comes into view. It is wielding a +0 whip.
You shoot a sling bullet. The sling bullet hits the hobgoblin.
You kill the hobgoblin!
You shoot a sling bullet.
The sling bullet hits the kobold but does no damage.
You shoot a sling bullet. The sling bullet misses the kobold.
You shoot a sling bullet.
The sling bullet closely misses the kobold.
You are now empty-handed.
You closely miss the kobold. The kobold barely misses you.
You hit the kobold.
You kill the kobold!
Things that are here:
a +0 whip; a kobold corpse
Found a ring mail.
a - a +0 sling (weapon)
A goblin comes into view. It is wielding a +0 club.
The goblin shouts!
You shoot a sling bullet. The sling bullet hits the goblin.
You kill the goblin!
No target in view!
i - 2 brown potions (gained 1) 2 orc priests come into view.
An orc priest is wielding a +0 dagger of venom.
An orc priest is wielding a +1 short sword of speed.
The orc priest mumbles some strange prayers to Beogh against you.
Beogh smites you!
You hear a shout!
Unknown command.
You shoot a sling bullet. The sling bullet hits the orc priest.
The orc priest is moderately wounded.
The orc priest mumbles some strange prayers to Beogh against you.
Beogh smites you!
You are too injured to fight recklessly!
Unknown command.
Things that are here:
a +0 whip; a kobold corpse You start resting.
An orc priest is nearby!
Casting: Wereblood (safe; 8% risk of failure)
Confirm with . or Enter, or press ? or * to list all spells.
You miscast Beastly Appendage.
You are very lightly contaminated with residual magic.
Nothing appears to happen.
You are now empty-handed.
Casting: Beastly Appendage (safe; 4% risk of failure)
Confirm with . or Enter, or press ? or * to list all spells.
You grow a pair of large bovine horns.
Your feet morph into talons.
The orc priest looks satisfied for a moment.
You closely miss the orc priest. You headbutt the orc priest.
The orc priest is heavily wounded.
The orc priest hits you with a +0 dagger of venom.
You are poisoned.
You barely miss the orc priest. Your kick misses the orc priest.
The orc priest is heavily wounded.
You feel very sick.
The orc priest hits you with a +0 dagger of venom.
You are more poisoned.
Casting: Beastly Appendage (safe; 4% risk of failure)
Confirm with . or Enter, or press ? or * to list all spells.
Your blood is infused with primal strength.
You feel very sick.
The orc priest hits you with a +0 dagger of venom.
You are more poisoned.
You barely miss the orc priest. You headbutt the orc priest.
The orc priest is almost dead.
* * * LOW HITPOINT WARNING * * *
You feel very sick. The orc priest completely misses you.
You hit the orc priest.
You feel a bit better.
You kill the orc priest!
* * * LOW HITPOINT WARNING * * *
You feel very sick.
Your magical contamination has completely faded away.
Your Poison Magic skill increases to level 1!
It was a potion of cancellation.
Your magical effects are unravelling.
You feel magically purged.
You howl as the wereblood boils in your veins!
Your horns disappear.
Your talons disappear.
Your primal bloodlust has ended.
You die...

##### #.#<#####...
#.#.........
#..@.########
###.##)##.....#
#.#.##.##.....#
#.....)##.....#
#.#.#####.....#
#.#...........#
#.............#
#.#.####).....#
...#.##........###


There were no monsters in sight!

Vanquished Creatures
  An orc priest (D:3)
  6 adders (D:2)
  2 dart slugs
  3 ball pythons
  7 bats (D:2)
  An endoplasm (D:2)
  2 giant cockroaches (D:1)
  5 goblins
  3 hobgoblins
  4 jackals (D:2)
  A quokka (D:2)
  2 frilled lizards (D:2)
  6 kobolds
  5 rats (D:1)
48 creatures vanquished.

Notes
Turn   | Place    | Note
-------+----------+-------------------------------------------
     0 | D:1      | GloriousHammer the Demigod Transmuter began the quest for
                  | the Orb.
     0 | D:1      | Reached XP level 1. HP: 15/15 MP: 5/5
   241 | D:1      | Reached XP level 2. HP: 21/22 MP: 5/7
   390 | D:1      | Reached skill level 3 in Unarmed Combat
   902 | D:2      | Learned a level 2 spell: Wereblood
   948 | D:2      | Reached XP level 3. HP: 14/27 MP: 9/9
  1475 | D:2      | Learned a level 3 spell: Spider Form
  1715 | D:2      | Reached XP level 4. HP: 29/34 MP: 6/10
  2142 | D:3      | HP: 1/34 [poisoned by an orc priest]
  2143 | D:3      | Reached skill level 1 in Poison Magic
  2143 | D:3      | Succumbed to an orc priest's poison

Illustrated notes

Levels and vault maps discovered:
D:1:      beargit_arrival_greenhouse, layout_basic, serial_park_tiny_2
D:2:      layout_loops_cross, minmay_circle_x
D:3:      layout_basic, dreamdust_ecumenical_altar_grove, chequers_mini_garden,
          minmay_misc_feat_iff, kennysheep_generic_room_8, uniq_terence,
          uniq_crazy_yiuf_cottage

Skill      XL: |  1  2  3  4 |
---------------+-------------+-----
Spellcasting   | 2 |  2.6
Transmutations | 2 |  2.9
Unarmed Combat | 3 |  3.6
Poison Magic   | 1 |  1.2
Fighting       | |  0.8
Dodging        | |  1.7

Action                     |  1- 3 |  4- 6 || total
---------------------------+-------+-------++-------
  Melee: Unarmed           |   108 |    18 ||   126
         Kick              |    20 |     2 ||    22
         Headbutt          |    12 |     4 ||    16
   Fire: Sling             |       |    14 ||    14
   Cast: Beastly Appendage |    17 |     2 ||    19
         Wereblood         |     2 |     2 ||     4
    Use: Potion            |     1 |     1 ||     2
   Stab: Sleeping          |     5 |       ||     5
 Armour: Robe              |    25 |    13 ||    38
         Skin              |     1 |       ||     1
  Dodge: Dodged            |    62 |    22 ||    84

Table legend: (Time is in decaauts)
 A = Elapsed time spent in this place.
 B = Non-inter-level travel time spent in this place.
 C = Inter-level travel time spent in this place.
 D = Time resting spent in this place.
 E = Time spent auto-exploring this place.
 F = Levels seen in this place.
 G = Mean time per level.
                   A        B        C        D        E       F      G
               +--------+--------+--------+--------+--------+-----+--------+
         Total |   2134 |   1982 |    152 |    428 |   1043 |   3 |  711.3 |
       Dungeon |   2134 |   1982 |    152 |    428 |   1043 |   3 |  711.3 |
               +--------+--------+--------+--------+--------+-----+--------+

Top non-repeatable levels by time:
     D:2: 1295 daAuts
     D:1: 734 daAuts
     D:3: 104 daAuts
